 Dungeon Crawl Stone Soup version 0.23-a0-391-g8c51ad5 (webtiles) character file.

2105 JeffiDaFish the Geomancer (level 9, -15/53 HPs)
             Began as a Gargoyle Earth Elementalist on Oct 31, 2018.
             Demolished by an ogre
             ... wielding a +0 giant spiked club
              (20 damage)
             ... on level 6 of the Dungeon.
             The game lasted 00:16:15 (4917 turns).

JeffiDaFish the Geomancer (GrEE)                    Turns: 4917, Time: 00:16:15

Health: -15/53     AC: 16    Str: 13    XL:     9   Next: 28%
Magic:  15/18      EV: 12    Int: 18    God:
Gold:   219        SH:  0    Dex: 10    Spells: 11/20 levels left

rFire    + . .     SeeInvis .   q - +10 mace of Yngow {holy, rF+}
rCold    . . .     Gourm    .   (no shield)
rNeg     + . .     Faith    .   c - +0 robe
rPois    ∞         Spirit   .   a - +2 helmet
rElec    +         Reflect  .   g - +2 cloak {rPois}
rCorr    .         Harm     .   (no gloves)
MR       .....                  l - +1 pair of boots
Stlth    ++........             o - amulet of magic regeneration
HPRegen  0.17/turn              (no ring)
MPRegen  0.41/turn              (no ring)

@: no status effects
A: hooves 1, negative energy resistance 1, robust 1, electricity resistance,
wild magic 1, unbreathing, petrification resistance, rot immunity, AC +6
a: no special abilities


You were on level 6 of the Dungeon.
You were not hungry.

You visited 1 branch of the dungeon, and saw 6 of its levels.
You also visited: Ossuary.

You collected 331 gold pieces.
You spent 112 gold pieces at shops.

Inventory:

Hand Weapons
 q - the +10 mace of Yngow (weapon) {holy, rF+}
   (You found it on level 6 of the Dungeon)

   It has been blessed by the Shining One to cause great damage to the undead
   and demons.
   It protects you from fire.
Missiles
 b - 90 stones (quivered)
Armour
 a - a +2 helmet (worn)
 c - a +0 robe (worn)
 g - a +2 cloak of poison resistance (worn)
 l - a +1 pair of boots (worn)
Jewellery
 k - the ring "Yfrusm" {rCorr rElec rPois rF++ rC-}
   (You found it on level 4 of the Dungeon)

   [ring of resist corrosion]

   It greatly protects you from fire.
   It makes you vulnerable to cold.
   It insulates you from electricity.
   It protects you from poison.
 o - an amulet of magic regeneration (around neck)
Scrolls
 e - 5 scrolls of identify
 f - a scroll of blinking
 j - a scroll of fog
Potions
 i - 11 potions of curing
 m - a potion of magic
Comestibles
 d - 4 rations
 n - 9 chunks of flesh


   Skills:
 + Level 2.3 Fighting
 - Level 2.1 Dodging
 - Level 2.1 Stealth
 + Level 6.0 Spellcasting
 - Level 4.0 Conjurations
   Level 0.7 Transmutations
 * Level 11.0 Earth Magic


You had 11 spell levels left.
You knew the following spells:

 Your Spells              Type           Power        Failure   Level  Hunger
a - Sandblast             Erth           ######       1%          1    None
b - Stone Arrow           Conj/Erth      #####.       3%          3    ##.....
c - Lee's Rapid Deconstr  Erth           ######....   6%          5    #####..

Your spell library contained the following spells:

 Spells                   Type           Power        Failure   Level  Hunger
 Passwall                 Tmut/Erth      ####....     3%          2    None
 Petrify                  Tmut/Erth      ####....     16%         4    ####...
 Conjure Flame            Conj/Fire      ###.....     22%         3    ##.....
 Poisonous Vapours        Pois/Air       #.....       26%         2    None
 Mephitic Cloud           Conj/Pois/Air  ##......     28%         3    ##.....
 Freezing Cloud           Conj/Ice/Air   ##........   100%        6    #######
 Ring of Flames           Chrm/Fire      #.........   100%        7    #######


Dungeon Overview and Level Annotations

Branches:
Dungeon (6/15)
 Temple: D:4-7

Altars:
Dithmenos
Fedhas
Kikubaaqudgha
Okawaru
Ru
Vehumet
The Shining One

Shops:
D:4 *(


Innate Abilities, Weirdness & Mutations

You are resistant to torment.
Your stone body is resilient. (AC +6)
You are immune to poison.
You resist negative energy. (rN+)
You are resistant to electric shocks. (rElec)
You can survive without breathing.
You are immune to petrification.
You are immune to rotting.
You have large cloven feet.
You are robust. (+10% HP)
Your spells are a little harder to cast, but a little more powerful.


Message History

Casting: Sandblast (safe; 1% risk of failure)
Confirm with . or Enter, or press ? or * to list all spells.
Aiming: Sandblast (safe; 1% risk of failure)
Press: ? - help, Shift-Dir - straight line, f/p - ogre
Aim: an ogre, wielding a +0 giant spiked club (moderately wounded)
The blast of sand hits the ogre.
The ogre is heavily wounded.
b - 91 stones The ogre hits you with a +0 giant spiked club!!
* * * LOW HITPOINT WARNING * * *
Casting: Sandblast (safe; 1% risk of failure)
Confirm with . or Enter, or press ? or * to list all spells.
Aiming: Sandblast (safe; 1% risk of failure)
Press: ? - help, Shift-Dir - straight line, f/p - ogre
Aim: an ogre, wielding a +0 giant spiked club (heavily wounded)
The blast of sand hits the ogre.
The ogre is almost dead.
b - 90 stones The ogre hits you with a +0 giant spiked club!!
You die...

#################
#................
#................
#..#####..#####..
#......#..#......
#...)..#..#.....
#####..#..#..####
#...O@.#..#......
#......#..#......
#..#####..#####..
#...a.S#..# ....
#.....O#..# ....
#####!Z#..#..####
..Z..#..#.....S
.....#..#......
.### #..#####..


You could see an ogre.

Vanquished Creatures
  Pikel (D:3)
  2 slaves
  A hornet zombie (D:5)
  An ogre (D:6)
  2 centaurs (D:6)
  2 elf zombies (Ossuary)
  A bullfrog (D:6)
  2 elf skeletons (D:5)
  A scorpion (D:6)
  2 vampire bats (D:5)
  2 crimson imps
  A howler monkey (D:4)
  A bullfrog zombie (D:6)
  2 human zombies (Ossuary)
  Crazy Yiuf (D:2)
  2 centaur zombies
  A human skeleton (D:5)
  An orc wizard (D:6)
  An iguana (D:5)
  4 worker ants
  A killer bee zombie (D:5)
  A big kobold zombie (Ossuary)
  4 hound zombies
  A hound skeleton (D:5)
  3 mummies (Ossuary)
  4 gnolls (D:4)
  10 adders
  An ooze (D:3)
  An adder skeleton (D:5)
  5 adder zombies (Ossuary)
  A worm (D:4)
  A dart slug (D:1)
  3 leopard geckos (D:1)
  11 orcs
  A ball python (D:1)
  4 bat skeletons (D:5)
  3 bat zombies (D:5)
  7 giant cockroaches
  2 gnoll zombies (Ossuary)
  8 goblins
  5 hobgoblins
  2 jackals (D:6)
  4 quokkas
  7 bats
  4 jackal zombies (Ossuary)
  6 kobolds
  3 kobold zombies (Ossuary)
  3 orc skeletons (D:5)
  2 orc zombies (Ossuary)
  A quokka skeleton (D:5)
  5 quokka zombies (Ossuary)
  3 rats
  5 rat zombies (Ossuary)
153 creatures vanquished.

Notes
Turn   | Place    | Note
-------+----------+-------------------------------------------
     0 | D:1      | JeffiDaFish the Gargoyle Earth Elementalist began the quest
                  | for the Orb.
     0 | D:1      | Reached XP level 1. HP: 10/10 MP: 3/3
   126 | D:1      | Reached skill level 4 in Earth Magic
   126 | D:1      | Reached XP level 2. HP: 15/15 MP: 0/5
   718 | D:2      | Reached XP level 3. HP: 19/19 MP: 6/6
   747 | D:2      | Found a runed door.
   753 | D:2      | Learned a level 3 spell: Stone Arrow
   755 | D:2      | Noticed Crazy Yiuf
   758 | D:2      | Killed Crazy Yiuf
   935 | D:2      | Reached XP level 4. HP: 24/24 MP: 7/7
  1230 | D:2      | Found a shadowy altar of Dithmenos.
  1512 | D:3      | Reached skill level 1 in Conjurations
  1579 | D:3      | Reached skill level 5 in Earth Magic
  1824 | D:3      | Reached XP level 5. HP: 25/28 MP: 6/9
  2022 | D:3      | Found a glowing golden altar of the Shining One.
  2023 | D:3      | Found a sacrificial altar of Ru.
  2023 | D:3      | Found a radiant altar of Vehumet.
  2149 | D:4      | Noticed Pikel
  2151 | D:4      | Noticed a slave
  2157 | D:4      | Found Musm's Antique Weapon Emporium.
  2171 | D:4      | Killed a slave
  2224 | D:4      | Found Lewaekh's General Store.
  2330 | D:4      | Bought a potion of magic for 112 gold pieces
  2358 | D:4      | Noticed a slave
  2364 | D:4      | Noticed a slave
  2565 | D:4      | Reached skill level 6 in Earth Magic
  2565 | D:4      | Reached XP level 6. HP: 24/32 MP: 0/10
  2600 | D:4      | Noticed a slave
  2614 | D:3      | Killed a slave
  2779 | D:3      | Killed Pikel
  2779 | D:3      | Reached skill level 7 in Earth Magic
  2779 | D:3      | Reached XP level 7. HP: 36/36 MP: 1/13
  2993 | D:4      | Gained mutation: You have large cloven feet. [potion of
                  | mutation]
  2993 | D:4      | Gained mutation: Your spells are a little harder to cast,
                  | but a little more powerful. [potion of mutation]
  2993 | D:4      | Gained mutation: You are robust. (+10% HP) [potion of
                  | mutation]
  3000 | D:4      | Learned a level 5 spell: Lee's Rapid Deconstruction
  3116 | D:4      | Got a glittering pewter ring
  3117 | D:4      | Identified the ring "Yfrusm" {rCorr rElec rPois rF++ rC-}
                  | (You found it on level 4 of the Dungeon)
  3266 | D:5      | Entered Level 5 of the Dungeon
  3378 | D:5      | Reached skill level 8 in Earth Magic
  3402 | D:5      | Reached XP level 8. HP: 45/45 MP: 14/14
  3422 | D:5      | Found a sand-covered staircase.
  3435 | Ossuary  | Entered an ossuary
  3643 | Ossuary  | Reached skill level 9 in Earth Magic
  3798 | Ossuary  | Reached skill level 5 in Spellcasting
  4063 | D:5      | Found an iron altar of Okawaru.
  4161 | D:5      | Found an ancient bone altar of Kikubaaqudgha.
  4172 | D:5      | Reached skill level 10 in Earth Magic
  4442 | D:5      | Identified a scroll of acquirement
  4551 | D:5      | Found a blossoming altar of Fedhas.
  4621 | D:6      | Reached XP level 9. HP: 50/50 MP: 12/17
  4661 | D:6      | Reached skill level 1 in Fighting
  4859 | D:6      | Identified the +10 mace of Yngow {holy, rF+} (You found it
                  | on level 6 of the Dungeon)
  4907 | D:6      | Reached skill level 11 in Earth Magic
  4917 | D:6      | Demolished by an ogre

Vault maps used:
D:1:      nicolae_arrival_washed_ashore
D:2:      nicolae_dithmenos_shadow_blocks, serial_bayou, serial_bayou_ford_a,
          serial_bayou_lagoon_a, serial_bayou_lagoon_b, serial_bayou_pond_d,
          serial_bayou_pond_c, uniq_crazy_yiuf_cottage
D:3:      gammafunk_temple_overflow_forgotten
D:4:      first_ration, serial_shops, shop, kennysheep_mini, uniq_pikel
D:5:      okawaru_metal_pillars_3, kennysheep_vampire_church,
          nicolae_ossuary_entry_catacombs, fedhas_altar_4
D:6:      kennysheep_windowed_halls, tgw_trog, serial_shops,
          nicolae_shop_statue_plus, minmay_misc_feat_iff
Ossuary:  minmay_ossuary_two_tombs

Skill      XL: |  1  2  3  4  5  6  7  8  9 |
---------------+----------------------------+-----
Earth Magic    | 4 5 6 7 8 10 11 | 11.0
Dodging        | 2 |  2.1
Conjurations   | 1 2 3 4 |  4.0
Spellcasting   | 3 4 5 6 |  6.0
Fighting       | 2 |  2.3
Stealth        | |  2.1
Transmutations | |  0.7

Action                   |  1- 3 |  4- 6 |  7- 9 || total
-------------------------+-------+-------+-------++-------
Melee: Unarmed           |     7 |       |       ||     7
       Short sword       |    20 |       |       ||    20
       Mace              |    12 |   129 |   277 ||   418
 Cast: Sandblast         |    15 |    29 |    28 ||    72
       Stone Arrow       |     1 |    16 |    16 ||    33
       Lee's Rapid Decon |       |       |     1 ||     1
  Use: Scroll            |     2 |     2 |    11 ||    15
       Potion            |     4 |       |     3 ||     7
 Stab: Sleeping          |       |     3 |     6 ||     9
  Eat: Chunk             |       |     8 |     6 ||    14
       Ration            |       |       |     1 ||     1
Armor: Robe              |    17 |    84 |   222 ||   323
Dodge: Dodged            |    32 |   132 |   252 ||   416

Table legend:
 A = Non-vault XP
 B = Vault XP
 C = Vault XP percentage of total XP
 D = Non-vault monster count
 E = Vault monster count
 F = Vault count percentage of total count
                 A         B        C        D         E       F
            +---------+---------+-------+---------+---------+-------
      Total |    1280 |    1728 |  57.4 |      93 |      58 |  38.4
            +---------+---------+-------+---------+---------+-------
        D:1 |      33 |       0 |   0.0 |      17 |       0 |   0.0
        D:2 |      26 |      44 |  62.9 |       9 |       1 |  10.0
        D:3 |      92 |     617 |  87.0 |      25 |       1 |   3.8
        D:4 |     176 |       0 |   0.0 |      11 |       0 |   0.0
        D:5 |     396 |     326 |  45.2 |      19 |      15 |  44.1
        D:6 |     557 |     212 |  27.6 |      12 |       3 |  20.0
    Ossuary |       0 |     529 | 100.0 |       0 |      38 | 100.0
            +---------+---------+-------+---------+---------+-------
